TOP OF THE 1ST |
El Dorado Oilers batting - Pitching for Kalamazoo Royale with Cheese : LHP Lorenzo Sánchez
|
Pitching: LHP Lorenzo Sánchez
|
|
Batting: RHB Nick Webb
|
0-0: Foul Ball, location: 2F 0-1: Swinging Strike 0-2: Ball 1-2: Ground out 4-3 (Groundball, 4M)
|
Batting: RHB Sixto Vélez
|
0-0: Ball 1-0: Swinging Strike 1-1: Ball 2-1: Ball 3-1: Ground out 5-3 (Groundball, 5)
|
Batting: LHB Tony Abete
|
0-0: Foul Ball, location: 2F 0-1: Ball 1-1: Ball 2-1: Fly out, F8 (Flyball, 8RM)
|
Top of the 1st over - 0 run(s), 0 hit(s), 0 error(s), 0 left on base; El Dorado 0 - Kalamazoo 0 |
BOTTOM OF THE 1ST |
Kalamazoo Royale with Cheese batting - Pitching for El Dorado Oilers : RHP Manuel Romero
|
Pitching: RHP Manuel Romero
|
|
Batting: LHB Javier Espinoza
|
0-0: SOLO HOME RUN (Flyball, 7D), Distance : 386 ft
|
Batting: LHB Doyle Otterburn
|
0-0: Fly out, F9 (Flyball, 9)
|
Batting: LHB Tom Blake
|
0-0: Swinging Strike 0-1: Ground out U3 (Groundball, 34)
|
Batting: LHB Donovan Bird
|
0-0: Swinging Strike 0-1: Ball 1-1: Foul Ball, location: 2F 1-2: Ball 2-2: Ball 3-2: Foul Ball, location: 2F 3-2: Ground out 1-3 (Groundball, P)
|
Bottom of the 1st over - 1 run(s), 1 hit(s), 0 error(s), 0 left on base; El Dorado 0 - Kalamazoo 1 |
TOP OF THE 2ND |
El Dorado Oilers batting - Pitching for Kalamazoo Royale with Cheese : LHP Lorenzo Sánchez
|
Batting: RHB Valentín Borges
|
0-0: Called Strike 0-1: Ball 1-1: Foul Ball, location: 2F 1-2: DOUBLE (Line Drive, 9LS)
|
Batting: LHB José Hernández
|
0-0: Ball 1-0: Foul Ball, location: 2F 1-1: Ball 2-1: Ball 3-1: Foul Ball, location: 2F 3-2: Foul Ball, location: 2F 3-2: Ground out 1-3 (Groundball, 13) Valentín Borges to third
|
Batting: RHB José Carlos Caraballo
|
0-0: Ball 1-0: Ball 2-0: Called Strike 2-1: Ground out 4-3 (Groundball, 34) Valentín Borges scores
|
Batting: LHB Al Gaines
|
0-0: Swinging Strike 0-1: Ball 1-1: Swinging Strike 1-2: Foul Ball, location: 2F 1-2: Ball 2-2: Ball 3-2: Base on Balls
|
Batting: RHB Chris Parker
|
0-0: Ball 1-0: Ball 2-0: Ball 3-0: Called Strike 3-1: DOUBLE (Line Drive, 89D) Al Gaines to third Runner from 3rd tries for Home, throw and OUT!
|
Top of the 2nd over - 1 run(s), 2 hit(s), 0 error(s), 1 left on base; El Dorado 1 - Kalamazoo 1 |
BOTTOM OF THE 2ND |
Kalamazoo Royale with Cheese batting - Pitching for El Dorado Oilers : RHP Manuel Romero
|
Batting: LHB Roberto Sandoval
|
0-0: Ball 1-0: Ground out 5-3 (Groundball, 56S)
|
Batting: LHB Greg Schultz
|
0-0: Called Strike 0-1: Ball 1-1: SINGLE (Groundball, 34D)
|
Batting: LHB Bill McJannett
|
0-0: Ball 1-0: Fly out, F7 (Flyball, 7)
|
Batting: RHB Jorge Márquez
|
0-0: Fly out, F9 (Flyball, 9LSF)
|
Bottom of the 2nd over - 0 run(s), 1 hit(s), 0 error(s), 1 left on base; El Dorado 1 - Kalamazoo 1 |
TOP OF THE 3RD |
El Dorado Oilers batting - Pitching for Kalamazoo Royale with Cheese : LHP Lorenzo Sánchez
|
Batting: SHB Theron Harper
|
0-0: Ball 1-0: Ball 2-0: Foul Ball, location: 2F 2-1: Called Strike 2-2: Ball 3-2: Fly out, F8 (Flyball, 89D)
|
Batting: RHB Nick Webb
|
0-0: Ball 1-0: Ball 2-0: SINGLE (Groundball, 56D)
|
Batting: RHB Sixto Vélez
|
0-0: Called Strike 0-1: Ball 1-1: Ball 2-1: SINGLE (Groundball, 56D) Nick Webb to second
|
Batting: LHB Tony Abete
|
0-0: Foul Ball, location: 2F 0-1: Called Strike 0-2: DOUBLE (Line Drive, 78XD) Nick Webb scores Sixto Vélez to third
|
Batting: RHB Valentín Borges
|
0-0: Ball 1-0: Called Strike 1-1: Called Strike 1-2: Strikes out swinging
|
Batting: LHB José Hernández
|
0-0: DOUBLE (Line Drive, 9LM) Sixto Vélez scores Tony Abete scores
|
Batting: RHB José Carlos Caraballo
|
0-0: Called Strike 0-1: Foul Ball, location: 2F 0-2: Foul Ball, location: 2F 0-2: Ball 1-2: Ground out 1-3 (Groundball, P)
|
Top of the 3rd over - 3 run(s), 4 hit(s), 0 error(s), 1 left on base; El Dorado 4 - Kalamazoo 1 |
BOTTOM OF THE 3RD |
Kalamazoo Royale with Cheese batting - Pitching for El Dorado Oilers : RHP Manuel Romero
|
Batting: SHB Caden Keith
|
0-0: Ball 1-0: Ball 2-0: Ball 3-0: Base on Balls
|
Batting: LHB Javier Espinoza
|
0-0: Ball 1-0: Fly out, F7 (Flyball, 7LM)
|
Batting: LHB Doyle Otterburn
|
0-0: Ball 1-0: SINGLE (Groundball, 34D) Caden Keith to second Runner from 2nd tries for 3rd, SAFE, no throw
|
Batting: LHB Tom Blake
|
0-0: Ball Wild Pitch! Caden Keith scores Doyle Otterburn to second 1-0: Called Strike 1-1: SINGLE (Line Drive, 34) Doyle Otterburn to third Runner from 3rd tries for Home, SAFE, throw made home Tom Blake to second
|
Batting: LHB Donovan Bird
|
0-0: Swinging Strike 0-1: Ball 1-1: Fly out, F9 (Flyball, 9LM)
|
Batting: LHB Roberto Sandoval
|
0-0: Foul Ball, location: 2F 0-1: Ball 1-1: Swinging Strike 1-2: Foul Ball, location: 2F 1-2: Fly out, F7 (Flyball, 7LM)
|
Bottom of the 3rd over - 2 run(s), 2 hit(s), 0 error(s), 1 left on base; El Dorado 4 - Kalamazoo 3 |
TOP OF THE 4TH |
El Dorado Oilers batting - Pitching for Kalamazoo Royale with Cheese : LHP Lorenzo Sánchez
|
Batting: LHB Al Gaines
|
0-0: Ground out U3 (Groundball, 34)
|
Batting: RHB Chris Parker
|
0-0: Ball 1-0: Ball 2-0: Foul Ball, location: 2F 2-1: Ball 3-1: Base on Balls
|
Batting: SHB Theron Harper
|
0-0: Swinging Strike 0-1: Ball 1-1: Fielders Choice at 2nd, 6-4 (Groundball, 6)
|
Batting: RHB Nick Webb
|
0-0: Called Strike 0-1: Ball 1-1: SINGLE (Groundball, 6MD) Theron Harper to second Runner from 2nd tries for 3rd, SAFE, throw made to third
|
Batting: RHB Sixto Vélez
|
0-0: Ball Wild Pitch! Theron Harper scores Nick Webb to second 1-0: Ball 2-0: Ball 3-0: Called Strike 3-1: Foul Ball, location: 2F 3-2: Fly out, F8 (Flyball, 89D)
|
Top of the 4th over - 1 run(s), 1 hit(s), 0 error(s), 1 left on base; El Dorado 5 - Kalamazoo 3 |
BOTTOM OF THE 4TH |
Kalamazoo Royale with Cheese batting - Pitching for El Dorado Oilers : RHP Manuel Romero
|
Batting: LHB Greg Schultz
|
0-0: Ball 1-0: Ball 2-0: Ground out U3 (Groundball, 3L)
|
Batting: LHB Bill McJannett
|
0-0: Ball 1-0: Called Strike 1-1: Ball 2-1: Fly out, F9 (Flyball, 89D)
|
Batting: RHB Jorge Márquez
|
0-0: Ground out 5-3 (Groundball, 56S)
|
Bottom of the 4th over - 0 run(s), 0 hit(s), 0 error(s), 0 left on base; El Dorado 5 - Kalamazoo 3 |
TOP OF THE 5TH |
El Dorado Oilers batting - Pitching for Kalamazoo Royale with Cheese : LHP Lorenzo Sánchez
|
Batting: LHB Tony Abete
|
0-0: Fly out, F8 (Flyball, 8RS)
|
Batting: RHB Valentín Borges
|
0-0: SINGLE (Groundball, 4MD)
|
Batting: LHB José Hernández
|
0-0: Ball 1-0: Ball 2-0: Foul Ball, location: 2F 2-1: SINGLE (Line Drive, 34) Valentín Borges to second
|
Pitching: LHP Terry Klassen
|
|
Batting: RHB José Carlos Caraballo
|
0-0: Called Strike Valentín Borges steals 3rd base José Hernández to second 0-1: Ball 1-1: Intentional Walk
|
Batting: LHB Al Gaines
|
0-0: Fly out, F8 (Line Drive, 89S) Runner from 3rd tags up, SCORES, no throw
|
Batting: RHB Chris Parker
|
0-0: Ball 1-0: TRIPLE (Line Drive, 9LM) José Hernández scores José Carlos Caraballo scores
|
Batting: SHB Theron Harper
|
0-0: Ball 1-0: Called Strike 1-1: Called Strike 1-2: Ball 2-2: Ball 3-2: Base on Balls
|
Batting: RHB Nick Webb
|
0-0: Ball 1-0: SINGLE (Flyball, 9S) Chris Parker scores Theron Harper to second Runner from 2nd tries for 3rd, SAFE, throw made to third
|
Batting: RHB Sixto Vélez
|
0-0: Swinging Strike 0-1: Ball Nick Webb is caught stealing 2nd base
|
Top of the 5th over - 4 run(s), 4 hit(s), 0 error(s), 0 left on base; El Dorado 9 - Kalamazoo 3 |
BOTTOM OF THE 5TH |
Kalamazoo Royale with Cheese batting - Pitching for El Dorado Oilers : RHP Manuel Romero
|
Batting: SHB Caden Keith
|
0-0: SINGLE (Groundball, 4D)
|
Batting: LHB Javier Espinoza
|
0-0: Called Strike 0-1: Ball 1-1: Foul Ball, location: 2F 1-2: Ball 2-2: Ball 3-2: Strikes out swinging Caden Keith steals 2nd base Batter strikes out.
|
Batting: LHB Doyle Otterburn
|
0-0: Ball Caden Keith steals 3rd base 1-0: Ground out U3 (Groundball, 3L)
|
Batting: LHB Tom Blake
|
0-0: Called Strike 0-1: Ball 1-1: Swinging Strike 1-2: Strikes out swinging
|
Bottom of the 5th over - 0 run(s), 1 hit(s), 0 error(s), 1 left on base; El Dorado 9 - Kalamazoo 3 |
TOP OF THE 6TH |
El Dorado Oilers batting - Pitching for Kalamazoo Royale with Cheese : LHP Terry Klassen
|
Batting: RHB Sixto Vélez
|
0-0: Called Strike 0-1: Ground out 6-3 (Groundball, 6)
|
Batting: LHB Tony Abete
|
0-0: Ball 1-0: Swinging Strike 1-1: Called Strike 1-2: Strikes out swinging
|
Batting: RHB Valentín Borges
|
0-0: Called Strike 0-1: Ball 1-1: Fly out, F7 (Flyball, 78D)
|
Top of the 6th over - 0 run(s), 0 hit(s), 0 error(s), 0 left on base; El Dorado 9 - Kalamazoo 3 |
BOTTOM OF THE 6TH |
Kalamazoo Royale with Cheese batting - Pitching for El Dorado Oilers : RHP Manuel Romero
|
Batting: LHB Donovan Bird
|
0-0: Called Strike 0-1: Ball 1-1: Foul Ball, location: 2F 1-2: Ball 2-2: Ball 3-2: Fly out, F2 (Popup, 2R)
|
Batting: LHB Roberto Sandoval
|
0-0: Ball 1-0: Ball 2-0: Foul Ball, location: 2F 2-1: Foul Ball, location: 2F 2-2: Foul Ball, location: 2F 2-2: Fly out, F9 (Line Drive, 9)
|
Batting: LHB Greg Schultz
|
0-0: Ball 1-0: Ball 2-0: Foul Ball, location: 2F 2-1: SINGLE (Groundball, 6D)
|
Batting: LHB Bill McJannett
|
0-0: Ball 1-0: Called Strike 1-1: Ball 2-1: Ball 3-1: Called Strike 3-2: Foul Ball, location: 2F 3-2: Foul Ball, location: 2F 3-2: Foul Ball, location: 2F 3-2: Foul Ball, location: 2F 3-2: Fly out, F7 (Line Drive, 78M)
|
Bottom of the 6th over - 0 run(s), 1 hit(s), 0 error(s), 1 left on base; El Dorado 9 - Kalamazoo 3 |
TOP OF THE 7TH |
El Dorado Oilers batting - Pitching for Kalamazoo Royale with Cheese : LHP Terry Klassen
|
Batting: LHB José Hernández
|
0-0: Ball 1-0: Ball 2-0: Foul Ball, location: 2F 2-1: DOUBLE (Groundball, 3L) - OUT at third base trying to stretch hit.
|
Batting: RHB José Carlos Caraballo
|
0-0: Called Strike 0-1: Foul Ball, location: 2F 0-2: Ball 1-2: Foul Ball, location: 2F 1-2: Foul Ball, location: 2F 1-2: Foul Ball, location: 2F 1-2: Ball 2-2: Ground out 5-3 (Groundball, 5S)
|
Batting: LHB Al Gaines
|
0-0: Fly out, F8 (Line Drive, 8RD)
|
Top of the 7th over - 0 run(s), 1 hit(s), 0 error(s), 0 left on base; El Dorado 9 - Kalamazoo 3 |
BOTTOM OF THE 7TH |
Kalamazoo Royale with Cheese batting - Pitching for El Dorado Oilers : RHP Manuel Romero
|
Batting: RHB Jorge Márquez
|
0-0: Ball 1-0: Called Strike 1-1: Called Strike 1-2: Foul Ball, location: 2F 1-2: Foul Ball, location: 2F 1-2: Ground out 5-3 (Groundball, 56)
|
Batting: SHB Caden Keith
|
0-0: Swinging Strike 0-1: Foul Ball, location: 2F 0-2: Foul Ball, location: 2F 0-2: Ground out 1-3 (Groundball, 15)
|
Batting: LHB Javier Espinoza
|
0-0: Ball 1-0: Called Strike 1-1: Fly out, F9 (Flyball, 9LD)
|
Bottom of the 7th over - 0 run(s), 0 hit(s), 0 error(s), 0 left on base; El Dorado 9 - Kalamazoo 3 |
TOP OF THE 8TH |
El Dorado Oilers batting - Pitching for Kalamazoo Royale with Cheese : LHP Terry Klassen
|
Batting: RHB Chris Parker
|
0-0: Ball 1-0: Ball 2-0: Called Strike 2-1: Foul Ball, location: 2F 2-2: Ball 3-2: Foul Ball, location: 2F 3-2: SINGLE (Line Drive, 8LS)
|
Batting: SHB Theron Harper
|
0-0: Fly out, F4 (Line Drive, 34)
|
Batting: RHB Nick Webb
|
0-0: Called Strike 0-1: Ball 1-1: Called Strike 1-2: Foul Ball, location: 2F 1-2: Fielders Choice at 2nd, 3-6 (Groundball, 3)
|
Batting: RHB Sixto Vélez
|
0-0: Ball 1-0: Ball 2-0: Ball 3-0: Fly out, F8 (Flyball, 8LD)
|
Top of the 8th over - 0 run(s), 1 hit(s), 0 error(s), 1 left on base; El Dorado 9 - Kalamazoo 3 |
BOTTOM OF THE 8TH |
Kalamazoo Royale with Cheese batting - Pitching for El Dorado Oilers : RHP Manuel Romero
|
Pitching: RHP Rick Grant
|
|
Batting: LHB Doyle Otterburn
|
0-0: Foul Ball, location: 2F 0-1: Ground out 4-3 (Groundball, 4)
|
Batting: LHB Tom Blake
|
0-0: Called Strike 0-1: Fly out, F2 (Popup, P)
|
Batting: LHB Donovan Bird
|
0-0: Foul Ball, location: 2F 0-1: Called Strike 0-2: Ball 1-2: Foul Ball, location: 2F 1-2: Foul Ball, location: 2F 1-2: Ball 2-2: SINGLE (Groundball, 4MD)
|
Batting: LHB Roberto Sandoval
|
0-0: Foul Ball, location: 2F 0-1: Ball 1-1: Called Strike 1-2: Ball 2-2: Strikes out swinging
|
Bottom of the 8th over - 0 run(s), 1 hit(s), 0 error(s), 1 left on base; El Dorado 9 - Kalamazoo 3 |
TOP OF THE 9TH |
El Dorado Oilers batting - Pitching for Kalamazoo Royale with Cheese : LHP Terry Klassen
|
Pitching: LHP Carlos Thomas
|
|
Batting: LHB Tony Abete
|
0-0: Ball 1-0: Ball 2-0: Swinging Strike 2-1: Foul Ball, location: 2F 2-2: Strikes out swinging
|
Batting: RHB Valentín Borges
|
0-0: Foul Ball, location: 2F 0-1: Ball 1-1: Ground out 5-3 (Groundball, 5)
|
Batting: LHB José Hernández
|
0-0: Foul Ball, location: 2F 0-1: Ball 1-1: Ball 2-1: Ball 3-1: Swinging Strike 3-2: Fly out, F9 (Flyball, 9LSF)
|
Top of the 9th over - 0 run(s), 0 hit(s), 0 error(s), 0 left on base; El Dorado 9 - Kalamazoo 3 |
BOTTOM OF THE 9TH |
Kalamazoo Royale with Cheese batting - Pitching for El Dorado Oilers : RHP Rick Grant
|
Batting: LHB Greg Schultz
|
0-0: Swinging Strike 0-1: Ball 1-1: Ball 2-1: Ball 3-1: Foul Ball, location: 2F 3-2: Base on Balls
|
Batting: LHB Bill McJannett
|
0-0: Called Strike 0-1: Fly out, F5 (Line Drive, 5)
|
Batting: RHB Jorge Márquez
|
0-0: Called Strike 0-1: Ball 1-1: Foul Ball, location: 2F 1-2: Foul Ball, location: 2F 1-2: Fielders Choice at 2nd, 6-4 (Groundball, 6)
|
Batting: SHB Caden Keith
|
0-0: Called Strike 0-1: SINGLE (Line Drive, 8LS) Jorge Márquez to second
|
Batting: LHB Javier Espinoza
|
0-0: SINGLE (Flyball, 9LM) Jorge Márquez to third Caden Keith to second Runner from 3rd tries for Home, SAFE, throw made home Caden Keith to third Javier Espinoza to second
|
Pitching: RHP Kuang-yin Yue
|
|
Batting: LHB Doyle Otterburn
|
0-0: Ball 1-0: Ball 2-0: Ball 3-0: Base on Balls
|
Batting: LHB Tom Blake
|
0-0: Foul Ball, location: 2F 0-1: Ball 1-1: DOUBLE (Line Drive, 78D) Caden Keith scores Javier Espinoza scores Doyle Otterburn to third Runner from 3rd tries for Home, SAFE, no throw
|
Batting: LHB Donovan Bird
|
0-0: Ball 1-0: Swinging Strike 1-1: Ball 2-1: Foul Ball, location: 2F 2-2: Ball 3-2: Base on Balls
|
Batting: LHB Roberto Sandoval
|
0-0: Ball 1-0: Swinging Strike 1-1: Foul Ball, location: 2F 1-2: Ball 2-2: Ball 3-2: Foul Ball, location: 2F 3-2: Base on Balls Tom Blake to third Donovan Bird to second
|
Batting: LHB Greg Schultz
|
0-0: Called Strike 0-1: Ball 1-1: Called Strike 1-2: Ground out 1-3 (Groundball, 13)
|
Bottom of the 9th over - 4 run(s), 3 hit(s), 0 error(s), 3 left on base; El Dorado 9 - Kalamazoo 7 |
|